Map: Inside and Out

Players

Aspera

  • Race: Zerg Zerg
  • Spawn Location: 1:00

Zain - Winner!

  • Race: Protoss Protoss
  • Spawn Location: 7:00

Event: DreamHack SC2 Masters 2022 Atlanta (Offline)

VOD

Have the link to the VOD?

Description

Time

  • Played on: Nov. 18, 2022, 1:34 p.m.
  • Length: 8:57

All games in this series

Show
View Real Time Build Order
Export as new Build Order

Aspera Zerg 

Build Orders: Hatch First 

Get SALT Encoding   

  12  0:00  Drone  
  13  0:12  Overlord  
  13  0:17  Drone  
  14  0:31  Drone x2  
  16  0:49  Hatchery  
  15  0:51  Drone  
  15  0:55  Drone  
  17  0:59  Drone  
  18  1:15  Extractor  
  18  1:16  Spawning Pool, Drone  
  17  1:19  Drone  
  18  1:30  Drone  
  19  1:38  Drone  
  20  1:49  Drone  
  21  2:02  Queen  
  21  2:03  Queen  
  21  2:05  Zergling x4  
  27  2:16  Overlord  
  27  2:26  Metabolic Boost  
  27  2:27  Drone  
  28  2:36  Zergling x2  
  29  2:37  Drone, Hatchery  
  29  2:40  Drone  
  30  2:48  Drone x2  
  30  2:49  Overlord  
  32  2:56  Queen  
  34  3:04  Drone x2  
  36  3:08  Overlord  
  36  3:12  Drone  
  37  3:15  Drone x2  
  38  3:23  Zergling x6  
  37  3:35  Drone x2  
  37  3:37  Spore Crawler  
  40  3:41  Drone  
  40  3:46  Queen  
  42  3:50  Overlord  
  42  3:54  Roach Warren  
  41  3:55  Drone  
  41  3:56  Drone x2  
  41  3:59  Queen  
  41  4:00  Drone  
  47  4:12  Spore Crawler x2  
  47  4:14  Spore Crawler, Drone  
  45  4:19  Drone x4  
  49  4:27  Drone x5  
  54  4:35  Overlord  
  54  4:37  Lair  
  54  4:40  Drone  
  54  4:44  Roach  
  55  4:53  Overlord x3  
  55  4:55  Extractor  
  55  4:57  Roach  
  55  4:58  Roach  
  58  5:07  Zergling x2  
  59  5:10  Overlord  
  58  5:15  Drone x3  
  58  5:18  Zergling x2  
  58  5:19  Roach x4  
  70  5:23  Drone  
  70  5:24  Drone x3  
  70  5:26  Overlord  
  74  5:30  Overlord  
  74  5:34  Drone x3  
  77  5:40  Glial Reconstitution  
  77  5:42  Roach x2  
  81  5:46  Evolution Chamber  
  79  5:51  Drone x3  
  79  5:55  Drone, Extractor  
  79  5:56  Drone x3  
  84  5:57  Drone  
  84  6:01  Queen  
  84  6:04  Drone x2  
  89  6:09  Extractor  
  86  6:11  Baneling Nest  
  86  6:12  Drone x3  
  86  6:15  Zerg Melee Weapons Level 1  
  86  6:18  Zergling x8  
  89  6:23  Drone  
  93  6:28  Overlord  
  93  6:32  Overlord  
  93  6:43  Zergling x2  
  93  6:44  Zergling x6  
  93  6:45  Hatchery  
  93  6:46  Drone  
  97  6:47  Drone x2  
  97  6:53  Zergling x10  
  104  6:55  Hatchery  
  104  7:01  Overlord  
  103  7:02  Centrifugal Hooks  
  103  7:04  Zergling x8  
  103  7:07  Hydralisk Den  
  105  7:09  Zergling x4  
  105  7:13  Zergling x8  
  110  7:18  Zergling x2  
  110  7:19  Zergling x4  
  110  7:21  Zergling x2  
  109  7:25  Overlord  
  109  7:29  Zergling x8  
  113  7:34  Zergling x4  
  113  7:35  Zergling x4  
  113  7:38  Muscular Augments  
  113  7:39  Zergling x10  
  118  7:46  Zergling x2  
  118  7:49  Zergling x2  
  118  7:50  Zergling x2  
  119  7:56  Zergling x2  
  106  8:01  Zergling x6  
  106  8:04  Zergling x6  
  110  8:08  Zergling x10  
  110  8:11  Zergling x4  
  109  8:13  Zergling x2  
  109  8:18  Overseer  
  109  8:19  Zergling x6  
  101  8:23  Zergling x8  
  101  8:25  Zergling x2  
  103  8:30  Zergling x6  
  103  8:32  Zergling x6  
  104  8:36  Zergling x8  
  105  8:47  Infestation Pit  
Show
View Real Time Build Order
Export as new Build Order

Zain Protoss - Winner!

Build Orders: 1 Gate Expand, Oracle Opening 

Get SALT Encoding   

  12  0:00  Probe  
  13  0:12  Probe  
  14  0:18  Pylon  
  14  0:24  Probe (Chrono Boost)  
  15  0:37  Gateway, Probe (Chrono Boost)  
  16  0:45  Probe (Chrono Boost)  
  16  0:46  Assimilator  
  17  0:51  Probe  
  18  1:03  Probe  
  19  1:16  Probe  
  20  1:23  Nexus  
  20  1:33  Cybernetics Core  
  20  1:35  Probe  
  21  1:42  Assimilator  
  21  1:47  Probe  
  21  1:50  Pylon  
  22  1:59  Probe  
  23  2:07  Adept (Chrono Boost)  
  23  2:11  Probe  
  26  2:20  Stargate  
  26  2:24  Probe (Chrono Boost)  
  26  2:27  Adept (Chrono Boost)  
  27  2:35  Warp Gate, Probe (Chrono Boost)  
  31  2:42  Probe (Chrono Boost)  
  32  2:44  Probe (Chrono Boost)  
  32  2:49  Probe x2 (Chrono Boost)  
  32  2:50  Stalker  
  36  3:00  Probe  
  36  3:01  Probe  
  38  3:06  Pylon  
  38  3:11  Oracle (Chrono Boost)  
  41  3:13  Probe  
  41  3:14  Probe  
  43  3:26  Probe x2  
  43  3:38  Probe x2  
  43  3:45  Oracle (Chrono Boost)  
  46  3:48  Nexus  
  46  3:49  Pylon  
  46  3:50  Probe x2  
  48  3:59  Gateway  
  48  4:02  Probe x2  
  50  4:03  Twilight Council  
  50  4:14  Probe x2  
  52  4:19  Assimilator  
  52  4:22  Gateway  
  52  4:25  Stalker  
  52  4:26  Probe  
  52  4:27  Shield Battery, Probe  
  52  4:31  Pylon  
  56  4:34  Blink (Chrono Boost)  
  57  4:38  Probe  
  57  4:39  Probe  
  58  4:48  Stalker  
  58  4:50  Probe  
  58  4:51  Probe  
  62  4:56  Stalker  
  64  5:02  Probe  
  64  5:03  Probe  
  64  5:04  Gateway  
  64  5:06  Gateway  
  66  5:07  Probe  
  66  5:08  Gateway  
  67  5:14  Probe  
  67  5:15  Probe  
  67  5:18  Stalker x2  
  67  5:19  Probe  
  74  5:23  Pylon  
  74  5:27  Probe x2  
  76  5:28  Stalker  
  76  5:31  Probe  
  76  5:32  Pylon  
  79  5:40  Pylon  
  79  5:41  Assimilator  
  79  5:43  Stalker x2  
  79  5:45  Probe, Pylon  
  79  5:49  Probe  
  85  6:00  Probe  
  85  6:01  Forge  
  85  6:03  Nexus  
  86  6:07  Charge (Chrono Boost)  
  86  6:14  Probe  
  86  6:17  Probe x2  
  89  6:26  Probe  
  89  6:29  Probe x2, Stalker x6  
  104  6:33  Pylon  
  104  6:38  Probe  
  105  6:41  Probe  
  105  6:42  Probe  
  107  6:49  Protoss Ground Weapons Level 1 (Chrono Boost)  
  107  6:50  Probe, Gateway  
  107  6:51  Gateway  
  107  6:52  Stalker x5  
  118  6:56  Oracle (Chrono Boost), Probe  
  118  7:01  Pylon  
  122  7:02  Probe  
  122  7:06  Assimilator  
  122  7:07  Photon Cannon  
  123  7:24  Probe  
  123  7:26  Zealot x5  
  134  7:32  Photon Cannon  
  134  7:33  Pylon  
  134  7:35  Shield Battery  
  134  7:36  Zealot  
  136  7:45  Gateway  
  126  7:59  Probe  
  123  8:13  Stalker x8  
  123  8:14  Probe  
  123  8:16  Probe  
  137  8:22  Probe  
  137  8:25  Gateway  
  137  8:26  Nexus  
  138  8:28  Pylon  
  138  8:31  Gateway, Pylon  
  138  8:34  Pylon  
  138  8:36  Zealot x5  
  138  8:40  Zealot x4  
  150  8:51  Photon Cannon  
  150  8:52  Shield Battery  
Tags
 
Add a new tag
Caveats
  • Supply blocks, unpowered buildings, or Contaminate may cause inaccurate times.
  • Supply counts are checked every 10 seconds.